 Dungeon Crawl Stone Soup version 0.30-a0-7-g94fe547ab8 (webtiles) character file.

Game seed: 4058211336203990888

25 Plasmagod the Shooter (level 2, 0/16 HPs)
             Began as a Deep Elf Arcane Marksman on Aug 23, 2022.
             Slain by a frilled lizard (2 damage)
             ... on level 1 of the Dungeon.
             The game lasted 00:01:20 (687 turns).

Plasmagod the Shooter (Deep Elf Arcane Marksman)     Turns: 687, Time: 00:01:21

Health: 0/16       AC:  2    Str:  7    XL:     2   Next: 86%
Magic:  3/6        EV: 12    Int: 17    God:
Gold:   12         SH:  0    Dex: 15    Spells: 3/4 levels left

rFire   . . .      SeeInvis .    a - +1 sling
rCold   . . .      Faith    .    (no shield)
rNeg    . . .      Spirit   .    c - +0 robe
rPois   .          Reflect  .    (no helmet)
rElec   .          Harm     .    (no cloak)
rCorr   .          Rampage  .    (no gloves)
Will    .....                    (no boots)
Stlth   +.........               (no amulet)
HPRegen 0.05/turn                (no ring)
MPRegen 0.10/turn                (no ring)

@: no status effects
A: no striking features
a: no special abilities


You were on level 1 of the Dungeon.
You visited 1 branch of the dungeon, and saw 1 of its levels.

You collected 12 gold pieces.

Inventory:

Hand Weapons
 a - a +1 sling (weapon)
Armour
 c - a +0 robe (worn)
Jewellery
 i - an amulet of guardian spirit
Scrolls
 b - 2 scrolls of poison
 d - a scroll of teleportation {unknown}
 g - a scroll of amnesia {unknown}
 h - a scroll of butterflies {unknown}
Potions
 e - a potion of resistance {unknown}
 f - a potion of mutation {unknown}


   Skills:
 - Level 0.7 Fighting
 + Level 4.6 Ranged Weapons
 - Level 2.4 Dodging
 - Level 1.5 Spellcasting
 - Level 4.0 Hexes


You had 3 spell levels left.
You knew the following spells:

 Your Spells              Type           Power      Damage    Failure   Level
a - Slow                  Hex            56%        N/A       4%          1

Your spell library contained the following spells:

 Spells                   Type           Power      Damage    Failure   Level
 Inner Flame              Hex/Fire       8%         N/A       26%         3
 Portal Projectile        Hex/Tloc       16%        N/A       26%         3
 Cause Fear               Hex            7%         N/A       36%         4


Dungeon Overview and Level Annotations

Branches:
Dungeon (1/15)

Altars:


Message History

Casting: Slow (safe; 4% risk of failure)
Confirm with . or Enter, or press ? or * to list all spells.
Aiming: Slow (safe; 4% risk of failure)
Press: ? - help, Shift-Dir - straight line, f/p - kobold
Aim: a kobold, wielding a +0 whip (chance to affect: 71%)
The kobold seems to slow down.
The bat closely misses you.
Aiming: Slow (safe; 4% risk of failure)
Press: ? - help, Q - select action, (/) - cycle Shift-Dir - straight line, f/p - kobold
Aim: a kobold, wielding a +0 whip (slow, chance to affect: 71%)
The bat seems to slow down.
The bat closely misses you.
Fire: a) +1 sling
Press: ? - help, Q - select action, (/) - cycle Shift-Dir - straight line, f/p - kobold
Aim: a kobold, wielding a +0 whip (slow, 51% to hit)
You shoot a sling bullet. The sling bullet hits the kobold.
You kill the kobold!
The bat hits you but does no damage. The bat closely misses you.
Fire: a) +1 sling
Press: ? - help, Q - select action, (/) - cycle Shift-Dir - straight line, f - bat
Aim: a bat (slow, 44% to hit)
You shoot a sling bullet.
The sling bullet closely misses the bat.
The sling bullet misses the frilled lizard.
The bat hits you.
* * * LOW HITPOINT WARNING * * *
Fire: a) +1 sling
Press: ? - help, Q - select action, (/) - cycle Shift-Dir - straight line, f/p - bat
Aim: a bat (slow, 44% to hit)
You shoot a sling bullet. The sling bullet hits the bat.
The bat is heavily wounded.
The bat hits you but does no damage.
Fire: a) +1 sling
Press: ? - help, Q - select action, (/) - cycle Shift-Dir - straight line, f/p - bat
Aim: a bat (heavily wounded, slow, 44% to hit)
You shoot a sling bullet.
The sling bullet barely misses the frilled lizard.
The sling bullet hits the bat.
You kill the bat!
The frilled lizard bites you.
You die...

###)....###......
........†...#####
#.......##### ## #..#.....##
#. .. #......### #. ##.#
######...#####. .. #..
###....... ....###†####
#..†...)..
........l@.######..†..(...
....###.##..............#.
........###.............#.
.........#####..>...#...####.
#.......####...........## #.
###..).........##........# #.
.........# ###
#...###..#####. #.......#
#.### ##....... #.##......#
###.# ##...##.


You could see a frilled lizard.

Vanquished Creatures
  A dart slug (D:1)
  An endoplasm (D:1)
  2 giant cockroaches (D:1)
  2 goblins (D:1)
  3 hobgoblins (D:1)
  4 kobolds (D:1)
  A quokka (D:1)
  3 ball pythons (D:1)
  2 bats (D:1)
  2 frilled lizards (D:1)
  2 rats (D:1)
23 creatures vanquished.

Notes
Turn   | Place    | Note
-------+----------+-------------------------------------------
     0 | D:1      | Plasmagod the Deep Elf Arcane Marksman began the quest for
                  | the Orb.
     0 | D:1      | Reached XP level 1. HP: 11/11 MP: 5/5
   385 | D:1      | Reached XP level 2. HP: 16/16 MP: 6/6
   687 | D:1      | Slain by a frilled lizard

Illustrated notes

Levels and vault maps discovered:
D:1:      minmay_arrival_three_doors, layout_rooms

Skill      XL: |  1  2 |
---------------+-------+-----
Ranged Weapons | 3 4 |  4.6
Fighting       | |  0.7
Dodging        | |  2.4
Spellcasting   | |  1.5
Hexes          | |  4.0

Action                   || total
-------------------------++-------
 Fire: Sling             ||    75
 Cast: Slow              ||     7
Armor: Robe              ||    14
Dodge: Dodged            ||    28

Table legend: (Time is in decaauts)
 A = Elapsed time spent in this place.
 B = Non-inter-level travel time spent in this place.
 C = Inter-level travel time spent in this place.
 D = Time resting spent in this place.
 E = Time spent auto-exploring this place.
 F = Levels seen in this place.
 G = Mean time per level.
                   A        B        C        D        E       F      G
               +--------+--------+--------+--------+--------+-----+--------+
         Total |    702 |    702 |      0 |      0 |    568 |   1 |  702.0 |
       Dungeon |    702 |    702 |      0 |      0 |    568 |   1 |  702.0 |
               +--------+--------+--------+--------+--------+-----+--------+

Top non-repeatable levels by time:
     D:1: 702 daAuts
